 Dungeon Sprint DCSS version 0.31.0-12-g77e489cdc1 (webtiles) character file.

Game seed: 332490121034532109

14824 Groucho the Thaumaturge (level 11, -8/58 HPs)
             Began as a Spriggan Earth Elementalist on Mar 6, 2024.
             Was the Champion of Sif Muna.
             Mangled by a death cob (33 damage)
             ... in the Dungeon (Sprint VII: "The Pits").
             The game lasted 00:30:34 (11285 turns).

Groucho the Thaumaturge (SpEE)                     Turns: 11285, Time: 00:30:35

Health: -8/58      AC:  2    Str:  4    XL:     11   Next: 93%
Magic:  10/30      EV: 21    Int: 27    God:    Sif Muna [******]
Gold:   65         SH:  0    Dex: 16    Spells: 5/38 levels left

rFire   . . .        h - +2 dagger
rCold   . . .        (no shield)
rNeg    . . .        a - +0 robe
rPois   .            (helmet restricted)
rElec   .            (no cloak)
rCorr   .            (gloves unavailable)
SInv    +            (boots unavailable)
Will    +....        (no amulet)
Stlth   ++++         n - +3 ring of intelligence
HPRegen 0.29/turn    o - +3 ring of intelligence
MPRegen 0.22/turn

%: no teleportation
@: very quick
A: very small, no large weapons, unfitting armour, see invisible, speed 3
a: Renounce Religion, Channel Magic, Forget Spell, Divine Exegesis


You were in the Dungeon.
You worshipped Sif Muna.
Sif Muna was exalted by your worship.
You visited 1 branch You collected 65 gold pieces.

Inventory:

Hand Weapons
 h - a +2 dagger (weapon)
 m - a +1 dagger of venom
 s - a +2 rapier of venom
Armour
 a - a +0 robe (worn)
 t - a +0 troll leather armour
Magical Staves
 B - the staff "Mud Pie of Death" {Fly rF+ Dex+3 Fire}
   (You found it in the Dungeon)

   [staff of fire]

   Base accuracy: +5 Base damage: 5 Base attack delay: 1.2 This weapon's minimum
   attack delay (0.6) is reached at skill level 12.
   Dex+3:     It affects your dexterity (+3).
   rF+:       It protects you from fire.
   Fly:       It grants you flight.
   Fire:      It increases the power of your Fire spells.
   It falls into the 'Staves' category.
   It is a two-handed weapon.
Jewellery
 n - a +3 ring of intelligence (left hand)
 o - a +3 ring of intelligence (right hand)
 z - a ring of protection from cold
 A - a ring of ice
Scrolls
 g - 2 scrolls of blinking
 j - 2 scrolls of vulnerability
 k - 5 scrolls of amnesia
 l - a scroll of summoning
 u - 2 scrolls of fog
 v - 4 scrolls of fear
 x - a scroll of identify
 y - 2 scrolls of enchant armour
Potions
 b - 4 potions of magic
 c - 7 potions of curing
 d - 11 potions of heal wounds
 e - 2 potions of haste
 f - 4 potions of berserk rage
 i - 2 potions of invisibility
 p - 2 potions of resistance
 q - 5 potions of mutation
 r - a potion of brilliance
 w - a potion of might


   Skills:
 + Level 7.0 Fighting
 - Level 5.0 Short Blades
 + Level 5.1 Armour
 + Level 7.3 Dodging
 - Level 7.0 Stealth
 + Level 14.0 Spellcasting
 * Level 12.6 Conjurations
 + Level 7.2 Necromancy
 + Level 11.0 Earth Magic
 + Level 10.8 Alchemy
 - Level 10.0 Invocations


You had 5 spell levels left.
You knew the following spells:

 Your Spells              Type           Power      Damage    Failure   Level
a - Sandblast             Erth           100%       2d20      1%          1
b - Stone Arrow           Conj/Erth      100%       3d13      1%          3
c - Petrify               Alch/Erth      67%        N/A       1%          4
d - Lee's Rapid Deconstr  Erth           34%        3d17*     1%          5
e - Bombard               Conj/Erth      35%        9d6       3%          6
f - Borgnjor's Vile Clut  Necr/Erth      31%        N/A       1%          5
g - Irradiate             Conj/Alch      35%        3d23      1%          5
h - Leda's Liquefaction   Alch/Erth      33%        N/A       1%          4

Your spell library contained the following spells:

 Spells                   Type           Power      Damage    Failure   Level
 Kiss of Death            Conj/Necr      100%       2d13      1%          1
 Necrotise                Necr           100%       1d9       1%          1
 Sting                    Conj/Alch      100%       1d9       1%          1
 Mercury Vapours          Alch/Air       96%        N/A       1%          2
 Momentum Strike          Conj/Tloc      100%       3d10      1%          2
 Dazzling Flash           Conj/Hex       100%       N/A       1%          3
 Hailstorm                Conj/Ice       52%        3d10      1%          3
 Mephitic Cloud           Conj/Alch/Air  57%        N/A       1%          3
 Passwall                 Erth           68%        N/A       1%          3
 Vampiric Draining        Necr           55%        2d9       1%          3
 Animate Dead             Necr           55%        N/A       1%          4
 Brom's Barrelling Bould  Conj/Erth      70%        2d8       1%          4
 Fulminant Prism          Conj/Alch      35%        3d18      1%          4
 Iskenderun's Mystic Bla  Conj/Tloc      52%        2d11      1%          4
 Alistair's Intoxication  Alch           44%        N/A       1%          5
 Apportation              Tloc           38%        N/A       2%          1
 Summon Small Mammal      Summ           76%        N/A       2%          1
 Ignite Poison            Fire/Alch      48%        N/A       3%          4
 Anguish                  Hex/Necr       19%        N/A       6%          4
 Arcjolt                  Conj/Air       26%        1d36      6%          5
 Fireball                 Conj/Fire      26%        3d12      6%          5
 Inner Flame              Hex/Fire       19%        N/A       9%          3
 Volatile Blastmotes      Fire/Tloc      38%        2d13      9%          3
 Freezing Cloud           Conj/Ice/Air   20%        6-21      14%         5
 Vhi's Electric Charge    Tloc/Air       38%        N/A       28%         4
 Orb of Destruction       Conj           36%        9d11      13%         7
 Conjure Ball Lightning   Conj/Air       26%        3x3d7     32%         6
 Starburst                Conj/Fire      26%        6d8       32%         6
 Lehudib's Crystal Spear  Conj/Erth      35%        10d9      82%         8
 Spellforged Servitor     Conj/Summ      26%        N/A       87%         7
 Ignition                 Fire           9%         3d5       100%        8
 Maxwell's Capacitive Co  Air            9%         ∞         100%        8


Dungeon Overview and Level Annotations

Branches:
Dungeon (1/1)

Altars:
Ashenzari
Cheibriados
Dithmenos
Elyvilon
Fedhas
Gozag
Hepliaklqana
Kikubaaqudgha
Makhleb
Nemelex Xobeh
Okawaru
Qazlal
Ru
Sif Muna
Trog
Uskayaw
Vehumet
Wu Jian
Xom
Yredelemnul
Zin
The Shining One
Jiyva
Lugonu


Innate Abilities, Weirdness & Mutations

You are very small and have problems with some larger weapons.
You are too small for most types of armour.
You have supernaturally acute eyesight. (SInv)
You cover ground extremely quickly. (Speed+++)


Message History

Aim: a death cob (100% to hit)
Zombie hands grab the death cob.
The zombie hands constrict the death cob.
The death cob closely misses you. The death cob barely misses you.
The death cob misses you.
Unknown command.
The zombie hands constrict the death cob.
The death cob struggles to escape constriction.
The zombie hands constrict the death cob, but do no damage.
The death cob struggles to escape constriction.
The death cob escapes!
Casting: Borgnjor's Vile Clutch (dangerous; 1% risk of failure)
Confirm with . or Enter, or press ? or * to list all spells.
Aiming: Borgnjor's Vile Clutch (dangerous; 1% risk of failure)
Press: ? - help, Shift-Dir - straight line, f/p - death cob
Aim: a death cob (lightly damaged, 100% to hit)
Zombie hands grab the death cob.
The zombie hands constrict the death cob!
The death cob struggles to escape constriction. x2
Unknown command.
Casting: Borgnjor's Vile Clutch (dangerous; 1% risk of failure)
Confirm with . or Enter, or press ? or * to list all spells.
Aiming: Bombard (dangerous; 3% risk of failure)
Press: ? - help, Shift-Dir - straight line, f/p - death cob
Aim: a death cob (lightly damaged, constricted by zombie hands, 84% to hit)
The iron shot hits the death cob!!
The death cob is heavily damaged.
The zombie hands constrict the death cob, but do no damage.
The death cob escapes!
The death cob hits you! The death cob misses you.
Unknown command.
Casting: Bombard (dangerous; 3% risk of failure)
Confirm with . or Enter, or press ? or * to list all spells.
Aiming: Borgnjor's Vile Clutch (dangerous; 1% risk of failure)
Press: ? - help, Shift-Dir - straight line, f/p - death cob
Aim: a death cob (heavily damaged, 100% to hit)
Zombie hands grab the death cob.
The zombie hands constrict the death cob.
The death cob hits you!!
Ouch! That really hurt!
You die...

#++######################
#........................
#.))....@z....)..........
#..##############''######
#..# ..... #..# .....#
#..# ..#### #..# ... #..#
.... #..#


oo.o #########.[# You could see a death cob (clutched).

Vanquished Creatures
  A boulder beetle (D)
  A death yak (D)
  A vampire mage (D)
  Urug (D)
  An orc high priest (D)
  A fire crab (D)
  A shadow wraith (D)
  2 orc knights (D)
  A deep elf zephyrmancer (D)
  A rust devil (D)
  An eye of devastation (D)
  Joseph (D)
  A molten gargoyle (D)
  A gargoyle (D)
  A merfolk siren (D)
  A smoke demon (D)
  An unseen horror (D)
  An efreet (D)
  A rime drake (D)
  A guardian mummy (D)
  A hellwing (D)
  3 polar bears (D)
  2 hornets (D)
  A troll (D)
  2 glass eyes (D)
  4 blink frogs (D)
  A spriggan (D)
  A water elemental (D)
  A warg (D)
  A redback (D)
  7 vampire mosquitoes (D)
  A small abomination (D)
  An acid dragon (D)
  Duvessa (D)
  7 orc warriors (D)
  Pargi (D)
  An ice beast (D)
  2 black bears (D)
  A crocodile (D)
  An ogre (D)
  A wolf (D)
  2 centaurs (D)
  A kobold brigand (D)
  A bullfrog (D)
  A scorpion (D)
  Dowan (D)
  4 killer bees (D)
  A crimson imp (D)
  3 quasits (D)
  3 hounds (D)
  2 orc priests (D)
  An iguana (D)
  4 orc wizards (D)
  A gnoll (D)
  An adder (D)
  2 river rats (D)
  9 orcs (D)
  A giant cockroach (D)
  A goblin (D)
  A ball python zombie (D)
  A frilled lizard (D)
  A kobold (D)
  A quokka skeleton (D)
105 creatures vanquished.

Notes
Turn   | Place    | Note
-------+----------+-------------------------------------------
     0 | D        | Groucho the Spriggan Earth Elementalist began the quest for
                  | the Orb.
     0 | D        | Reached XP level 1. HP: 9/9 MP: 5/5
    12 | D        | Reached skill level 3 in Spellcasting
    12 | D        | Reached skill level 1 in Conjurations
    44 | D        | Found a glowing golden altar of the Shining One.
    44 | D        | Found a glowing silver altar of Zin.
    44 | D        | Found a basalt altar of Yredelemnul.
    44 | D        | Found a shimmering altar of Xom.
    44 | D        | Found an ornate altar of the Wu Jian Council.
    44 | D        | Found a bloodstained altar of Trog.
    44 | D        | Found a shimmering blue altar of Sif Muna.
    44 | D        | Found a sacrificial altar of Ru.
    44 | D        | Found a stormy altar of Qazlal.
    44 | D        | Found an iron altar of Okawaru.
    44 | D        | Found a sparkling altar of Nemelex Xobeh.
    44 | D        | Found a burning altar of Makhleb.
    44 | D        | Found a viscous altar of Jiyva.
    44 | D        | Found a hazy altar of Hepliaklqana.
    44 | D        | Found an opulent altar of Gozag.
    44 | D        | Found a blossoming altar of Fedhas.
    44 | D        | Found a white marble altar of Elyvilon.
    44 | D        | Found a shadowy altar of Dithmenos.
    44 | D        | Found a snail-covered altar of Cheibriados.
    45 | D        | Found a radiant altar of Vehumet.
    45 | D        | Found a corrupted altar of Lugonu.
    46 | D        | Found an ancient bone altar of Kikubaaqudgha.
    46 | D        | Found a hide-covered altar of Uskayaw.
    46 | D        | Found a broken altar of Ashenzari.
    47 | D        | Became a worshipper of Sif Muna the Loreminder
    58 | D        | Noticed a scorpion
   244 | D        | Reached XP level 2. HP: 13/13 MP: 0/7
   512 | D        | Reached * piety under Sif Muna
   535 | D        | Noticed a glass eye
   570 | D        | Killed a glass eye
   571 | D        | Reached skill level 6 in Spellcasting
   571 | D        | Reached skill level 5 in Conjurations
   571 | D        | Reached skill level 5 in Earth Magic
   571 | D        | Reached XP level 3. HP: 16/16 MP: 0/12
   571 | D        | Reached XP level 4. HP: 21/21 MP: 0/13
   571 | D        | Reached XP level 5. HP: 24/24 MP: 0/15
   677 | D        | Learned a level 3 spell: Stone Arrow
   786 | D        | Noticed a wolf
   798 | D        | Killed a wolf
   798 | D        | Reached ** piety under Sif Muna
   799 | D        | Reached skill level 7 in Spellcasting
   799 | D        | Reached skill level 5 in Invocations
   799 | D        | Reached XP level 6. HP: 11/28 MP: 5/17
  1103 | D        | Learned a level 4 spell: Petrify
  1337 | D        | Noticed Pargi
  1370 | D        | Noticed a glass eye
  1373 | D        | Killed a glass eye
  1374 | D        | Reached skill level 8 in Spellcasting
  1374 | D        | Reached XP level 7. HP: 32/32 MP: 7/20
  1451 | D        | Reached *** piety under Sif Muna
  1520 | D        | Killed Pargi
  1521 | D        | Reached skill level 1 in Short Blades
  1585 | D        | Reached skill level 9 in Spellcasting
  1734 | D        | Reached **** piety under Sif Muna
  2404 | D        | Noticed Urug
  2434 | D        | Killed Urug
  2435 | D        | Reached skill level 5 in Alchemy
  2435 | D        | Reached XP level 8. HP: 36/36 MP: 13/22
  2668 | D        | Reached skill level 10 in Spellcasting
  2678 | D        | Reached ***** piety under Sif Muna
  3044 | D        | Received a gift from Sif Muna
  3315 | D        | Reached skill level 1 in Fighting
  3451 | D        | Reached skill level 5 in Short Blades
  3451 | D        | Reached XP level 9. HP: 41/41 MP: 20/24
  3461 | D        | Received a gift from Sif Muna
  3464 | D        | Got Sif Muna's Tome of Erosion {god gift}
  3471 | D        | Learned a level 5 spell: Lee's Rapid Deconstruction
  3478 | D        | Learned a level 6 spell: Bombard
  3484 | D        | Learned a level 5 spell: Borgnjor's Vile Clutch
  3664 | D        | Noticed a troll
  3667 | D        | Killed a troll
  3668 | D        | Reached skill level 1 in Necromancy
  3816 | D        | Noticed a boulder beetle
  3816 | D        | Noticed Joseph
  3828 | D        | Killed Joseph
  3834 | D        | Killed a boulder beetle
  3835 | D        | Reached skill level 1 in Armour
  3835 | D        | Reached skill level 11 in Spellcasting
  4285 | D        | Received a gift from Sif Muna
  4288 | D        | Got Sif Muna's Anthology of Haze {god gift}
  4296 | D        | Noticed an orc high priest
  4303 | D        | Noticed a red devil
  4303 | D        | Killed an orc high priest
  4304 | D        | Reached skill level 5 in Dodging
  4304 | D        | Reached skill level 10 in Conjurations
  4304 | D        | Reached XP level 10. HP: 49/49 MP: 6/26
  4451 | D        | Reached ****** piety under Sif Muna
  4712 | D        | Noticed a molten gargoyle
  4712 | D        | Noticed an orc knight
  5050 | D        | Noticed Dowan
  5056 | D        | Noticed Duvessa
  5061 | D        | Killed Dowan
  5061 | D        | Received a gift from Sif Muna
  5062 | D        | Killed Duvessa
  5067 | D        | Got Sif Muna's Omnibus of the Sun {god gift}
  5078 | D        | Killed an orc knight
  5334 | D        | Killed a molten gargoyle
  5614 | D        | Noticed a smoke demon
  5625 | D        | Reached skill level 12 in Spellcasting
  5627 | D        | Killed a smoke demon
  5667 | D        | Noticed a deep elf zephyrmancer
  5668 | D        | Received a gift from Sif Muna
  5680 | D        | Killed a deep elf zephyrmancer
  5860 | D        | Noticed a fire crab
  5867 | D        | Killed a fire crab
  6105 | D        | Learned a level 5 spell: Irradiate
  6229 | D        | Received a gift from Sif Muna
  6230 | D        | Reached skill level 5 in Fighting
  6340 | D        | Reached skill level 5 in Necromancy
  6341 | D        | Reached XP level 11. HP: 55/55 MP: 9/28
  6563 | D        | Reached skill level 10 in Invocations
  6752 | D        | Noticed a death yak
  6792 | D        | Received a gift from Sif Muna
  6793 | D        | Got Huphiukk's Codex of Glowing Dark Words {god gift}
  6812 | D        | Learned a level 4 spell: Leda's Liquefaction
  6826 | D        | Killed a death yak
  6827 | D        | Reached skill level 10 in Earth Magic
  7103 | D        | Reached skill level 13 in Spellcasting
  7174 | D        | Received a gift from Sif Muna
  7175 | D        | Got Dinlukaz's Folio of Concussion {god gift}
  7310 | D        | Reached skill level 5 in Armour
  7460 | D        | Received a gift from Sif Muna
  7461 | D        | Reached skill level 10 in Alchemy
  7461 | D        | Got Poeteahe's Secrets of Morbid Damage {god gift}
  7719 | D        | Got the staff "Mud Pie of Death" {Fly rF+ Dex+3 Fire}
  7788 | D        | Noticed a shadow wraith
  7793 | D        | Killed a shadow wraith
  8594 | D        | Received a gift from Sif Muna
  8598 | D        | Got Sif Muna's Information on Calling and Conjuring {god
                  | gift}
  9615 | D        | Noticed a vampire mage
  9618 | D        | Noticed a jiangshi
  9618 | D        | Noticed a jiangshi
  9800 | D        | Killed a vampire mage
 10216 | D        | Reached skill level 14 in Spellcasting
 10857 | D        | Noticed a death cob
 10857 | D        | Noticed an orc knight
 10857 | D        | Noticed an orc knight
 10857 | D        | Noticed an orc knight
 10857 | D        | Noticed an orc knight
 10873 | D        | Killed an orc knight
 11285 | D        | Mangled by a death cob

Illustrated notes

Levels and vault maps discovered:
D:        pitsprint [storerooms_1, entrance_room_1, metal_vault_7, armoury_2,
          mini_pit_1, grid_room_1, main_hall_1, silver_pit, the_coven_3,
          the_vestibule_1, steel_vault_3, golden_pit, hallway_of_sentries,
          crystal_vault_5, iron_vault_4, final_vault]

Skill      XL: |  1  2  3  4  5  6  7  8  9 10 11 |
---------------+----------------------------------+-----
Spellcasting   | 3 6 7 8 9 10 11 12 14 | 14.0
Conjurations   | 2 5 6 7 8 9 10 11 12 | 12.6
Earth Magic    | 3 5 6 7 8 9 11 | 11.0
Invocations    | 4 5 6 7 8 9 10 | 10.0
Alchemy        | 3 5 6 7 9 10 | 10.8
Short Blades   | 4 5 |  5.0
Stealth        | 6 7 |  7.0
Fighting       | 1 3 5 7 |  7.0
Necromancy     | 3 5 7 |  7.2
Dodging        | 5 7 |  7.3
Armour         | 2 4 5 |  5.1

Action                     |  1- 3 |  4- 6 |  7- 9 | 10-12 || total
---------------------------+-------+-------+-------+-------++-------
  Melee: Dagger            |    15 |       |     3 |       ||    18
   Cast: Sandblast         |    20 |       |     1 |       ||    21
         Stone Arrow       |       |    12 |    69 |   101 ||   182
         Lee's Rapid Decon |       |       |     3 |     5 ||     8
         Petrify           |       |       |     2 |       ||     2
         Borgnjor's Vile C |       |       |       |    52 ||    52
         Bombard           |       |       |       |    11 ||    11
 Invoke: Channel Magic     |       |     1 |     1 |     7 ||     9
    Use: Potion            |     1 |       |     4 |     3 ||     8
   Stab: Petrified         |       |       |     3 |       ||     3
 Armour: Robe              |     6 |     6 |     8 |    31 ||    51
  Dodge: Dodged            |     9 |     3 |    15 |    35 ||    62
